 Dungeon Crawl Stone Soup version 0.20-a0-432-g25cc1b4 (webtiles) character file.

1182 Kidiri the Magician (level 8, 0/43 HPs)
             Began as a Deep Elf Fire Elementalist on Jan 2, 2017.
             Slain by Duvessa
             ... wielding a +2 short sword of flaming
              (6 damage)
             ... on level 5 of the Dungeon.
             The game lasted 00:24:47 (6042 turns).

Kidiri the Magician (Deep Elf Fire Elementalist)    Turns: 6042, Time: 00:24:48

Health: 0/43       AC:  3    Str:  5    XL:     8   Next: 19%
Magic:  1/21       EV: 16    Int: 23    God:
Gold:   233        SH:  0    Dex: 15    Spells: 4/22 levels left

rFire  . . .     SeeInvis .     k - +1 dagger
rCold  . . .     Gourm    .     a - +1 robe
rNeg   . . .     Faith    .     (no shield)
rPois  .         Spirit   .     (no helmet)
rElec  .         Reflect  .     (no cloak)
rCorr  .         Harm     .     (no gloves)
MR     .....                    (no boots)
Stlth  +.........               (no amulet)
                                (no ring)
                                q - +3 ring of evasion

@: very slightly contaminated, glowing, drained
A: claws 1, blurry vision 1
a: no special abilities


You were on level 5 of the Dungeon.
You were not hungry.

You visited 1 branch of the dungeon, and saw 5 of its levels.

You collected 233 gold pieces.

Inventory:

Hand Weapons
 f - a +1 dagger of draining
 k - a +1 dagger (weapon)
Armour
 a - a +1 robe (worn)
 l - a +0 shield
Jewellery
 m - an uncursed ring of teleportation
 q - a +3 ring of evasion (left claw)
Wands
 s - a wand of acid (3/15)
Scrolls
 d - a scroll of recharging {unknown}
 e - 2 scrolls of remove curse
 j - 5 scrolls of teleportation
Potions
 h - a potion of agility
 n - a potion of berserk rage
 r - a potion of curing
 u - a potion of might
 v - a potion of beneficial mutation {unknown}
Books
 b - a book of Flames

   Spells                             Type                      Level
   a - Flame Tongue                   Conjuration/Fire             1
   b - Throw Flame                    Conjuration/Fire             2
   c - Conjure Flame                  Conjuration/Fire             3
   d - Inner Flame                    Hexes/Fire                   3
   e - Sticky Flame                   Conjuration/Fire             4
   f - Fireball                       Conjuration/Fire             5
 p - Sif Muna's Almanac of Earth and the Snowflakes
   (You found it on level 5 of the Dungeon)

   Spells                             Type                      Level
   a - Stone Arrow                    Conjuration/Earth            3
   b - Petrify                        Transmutation/Earth          4
   c - Metabolic Englaciation         Hexes/Ice                    5
Comestibles
 c - 4 bread rations
 g - a beef jerky
 i - 2 meat rations
 o - a slice of pizza
 t - 3 chunks of flesh


   Skills:
 + Level 1.5(0.5) Fighting
 + Level 2.2(1.2) Short Blades
 + Level 1.5(0.5) Armour
 + Level 3.7(2.6) Dodging
 - Level 2.4(1.3) Stealth
 + Level 1.4(0.4) Shields
 * Level 7.7(6.4) Spellcasting
 + Level 4.2(3.1) Conjurations
 + Level 5.6(4.4) Fire Magic
 + Level 2.1(1.0) Evocations


You had 4 spell levels left.
You knew the following spells:

 Your Spells              Type           Power        Failure   Level  Hunger
a - Flame Tongue          Conj/Fire      ####.        1%          1    None
b - Throw Flame           Conj/Fire      ####..       2%          2    None
c - Conjure Flame         Conj/Fire      ####....     8%          3    #......
d - Inner Flame           Hex/Fire       ###.....     12%         3    #......
e - Sticky Flame          Conj/Fire      ####....     21%         4    ###....
f - Fireball              Conj/Fire      ####......   58%         5    #####..


Dungeon Overview and Level Annotations

Branches:
Dungeon (5/15)
 Temple: D:4-7

Altars:
Dithmenos
Fedhas
Kikubaaqudgha
Okawaru
Qazlal
Ru
Zin

Annotations:
D:5 Duvessa


Innate Abilities, Weirdness & Mutations

You have sharp fingernails.
Scrolls take you a little longer to read.


Message History

Press: ? - help, Shift-Dir - straight line, f - Dowan
Aim: Dowan, wielding a dagger, wearing a robe and wearing a scratched silver ring (almost dead, inner flame)
The flame tongue hits Dowan.
Dowan explodes!
The fiery explosion engulfs Duvessa.
Duvessa is heavily wounded.
Duvessa screams in rage.
Duvessa goes berserk!
You hear an angry hiss.
Duvessa is engulfed in roaring flames.
Duvessa hits you with a short sword of flaming.
Duvessa burns you.
Duvessa is engulfed in roaring flames.
Duvessa misses you.
Duvessa is engulfed in roaring flames.
Duvessa misses you. Duvessa barely misses you.
There is a stone staircase leading up here.
Duvessa hits you but does no damage.
Duvessa hits you with a short sword of flaming!!
* * * LOW HITPOINT WARNING * * *
Duvessa burns you.
You die...

#.....# #......# ####..######
#......# #.....###..##
#......# ##(.........#
##.....# #..........#
#......#
#####..####.#########......#
#.###..####.##.(##..##.....#
.........#......(..........#
.........#......@e.........#
#......####.######.#######'#
#......####.##..##.###.....#
..._........#....<.#.......#
............#......#.......#
............#......#.......#
+###........)....[.#.......#
..##...##.>.##.%...##...รท..#
..##...##...#########......#


You could see Duvessa (berserk).

Vanquished Creatures
  The ghost of Soeti the Chopper, an amateur VSFi (D:4)
  2 hungry ghosts
  A bullfrog (D:4)
  Dowan (D:5)
  A howler monkey (D:5)
  2 vampire bats (D:4)
  2 hounds (D:4)
  5 orc wizards
  A worker ant (D:5)
  7 gnolls
  9 adders
  An ooze (D:3)
  An adder skeleton (D:5)
  A dart slug (D:2)
  2 leopard geckos
  20 orcs
  8 bats
  4 bat skeletons (D:4)
  A bat zombie (D:4)
  7 giant cockroaches
  10 goblins
  12 hobgoblins
  10 jackals
  6 kobolds (D:3)
  4 quokkas
  A ball python (D:1)
  6 frilled lizards
  23 rats
149 creatures vanquished.

Notes
Turn   | Place    | Note
-------+----------+-------------------------------------------
     0 | D:1      | Kidiri the Deep Elf Fire Elementalist began the quest for the Orb.
     0 | D:1      | Reached XP level 1. HP: 10/10 MP: 6/6
   169 | D:1      | Reached XP level 2. HP: 4/15 MP: 0/8
   173 | D:1      | Learned a level 2 spell: Throw Flame
   597 | D:1      | Reached skill level 4 in Spellcasting
   857 | D:2      | Reached XP level 3. HP: 13/19 MP: 8/10
   867 | D:2      | Learned a level 3 spell: Conjure Flame
   871 | D:2      | Learned a level 3 spell: Inner Flame
   962 | D:2      | Found a glowing silver altar of Zin.
  1147 | D:2      | Found an iron altar of Okawaru.
  1460 | D:2      | Found a sacrificial altar of Ru.
  2029 | D:3      | Gained mutation: Scrolls take you a little longer to read. [potion of mutation]
  2029 | D:3      | Gained mutation: You have sharp fingernails. [potion of mutation]
  2071 | D:3      | Reached XP level 4. HP: 24/24 MP: 10/12
  2163 | D:3      | Reached skill level 5 in Spellcasting
  2376 | D:3      | Learned a level 4 spell: Sticky Flame
  2532 | D:3      | Reached XP level 5. HP: 28/28 MP: 11/14
  2939 | D:3      | Found a stormy altar of Qazlal.
  3602 | D:4      | Reached skill level 6 in Spellcasting
  3612 | D:4      | Reached XP level 6. HP: 21/32 MP: 5/17
  4039 | D:4      | Found a blossoming altar of Fedhas.
  4039 | D:4      | Found a shadowy altar of Dithmenos.
  4059 | D:4      | Reached skill level 5 in Fire Magic
  4066 | D:4      | Learned a level 5 spell: Fireball
  4066 | D:4      | Noticed Soeti's ghost (amateur VSFi)
  4074 | D:4      | Killed Soeti's ghost
  4074 | D:4      | Reached skill level 7 in Spellcasting
  4074 | D:4      | Reached XP level 7. HP: 37/37 MP: 7/19
  4152 | D:4      | Noticed a hungry ghost
  4177 | D:4      | Killed a hungry ghost
  4177 | D:4      | Reached skill level 1 in Short Blades
  4177 | D:4      | Reached skill level 1 in Evocations
  4683 | D:4      | Found an ancient bone altar of Kikubaaqudgha.
  4686 | D:4      | Reached skill level 1 in Fighting
  4686 | D:4      | Reached skill level 1 in Armour
  5032 | D:5      | Entered Level 5 of the Dungeon
  5052 | D:5      | Noticed a hungry ghost
  5169 | D:5      | Noticed Duvessa
  5171 | D:5      | Noticed Dowan
  5507 | D:5      | Reached skill level 1 in Shields
  5531 | D:5      | Identified Sif Muna's Almanac of Earth and the Snowflakes
  5830 | D:5      | Killed a hungry ghost
  5830 | D:5      | Reached XP level 8. HP: 43/43 MP: 5/21
  6002 | D:5      | Found an ancient bone altar of Kikubaaqudgha.
  6035 | D:5      | Killed Dowan
  6042 | D:5      | Slain by Duvessa

Vault maps used:
D:1:      dpeg_arrival_houses_and_road
D:2:      nicolae_overflow_crystal_walls, lemuel_doored_altar,
          lemuel_crystal_altar
D:3:      nicolae_qazlal_eye_of_the_storm, first_bread,
          hangedman_decor_peaks_small, minmay_surrounded
D:4:      kennysheep_vampire_church, chequers_temple_overflow_statue_of_worship,
          minmay_rat_hole
D:5:      serial_shops, shop, basic_altar, uniq_duvessa

Skill      XL: |  1  2  3  4  5  6  7 |
---------------+----------------------+-----
Spellcasting   | 4 5 6 7 |  7.7
Fire Magic     | 4 5 |  5.6
Conjurations   | 2 3 4 |  4.2
Short Blades   | 2 |  2.2
Evocations     | 2 |  2.1
Fighting       | 1 |  1.5
Armour         | 1 |  1.5
Dodging        | 3 |  3.7
Shields        | 1 |  1.4
Stealth        | |  2.4

Action                   |  1- 3 |  4- 6 |  7- 9 || total
-------------------------+-------+-------+-------++-------
Melee: Unarmed           |     1 |       |       ||     1
       Dagger            |     7 |    39 |    10 ||    56
 Cast: Flame Tongue      |    66 |    88 |    75 ||   229
       Throw Flame       |     1 |     1 |     4 ||     6
       Inner Flame       |       |     5 |     1 ||     6
       Conjure Flame     |       |     3 |     3 ||     6
       Sticky Flame      |       |     1 |     6 ||     7
       Fireball          |       |       |     4 ||     4
Evoke: Wand              |       |     1 |       ||     1
  Use: Scroll            |     8 |     4 |     2 ||    14
       Potion            |     1 |       |     3 ||     4
 Stab: Sleeping          |     7 |     3 |     1 ||    11
  Eat: Chunk             |     3 |     7 |     6 ||    16
       Royal jelly       |       |       |     1 ||     1
Armor: Robe              |     4 |    15 |    11 ||    30
Dodge: Dodged            |    28 |    49 |    38 ||   115
